 Dungeon Crawl Stone Soup version 0.30-a0-168-g0b976cbdc4 (webtiles) character file.

Game seed: 15526966852599610570

50 jimonade the Sneak (level 4, -7/26 HPs)
             Began as a Kobold Brigand on Sept 29, 2022.
             Killed from afar by Sigmund (8 damage)
             ... with a puff of flame
             ... on level 2 of the Dungeon.
             The game lasted 00:01:45 (1569 turns).

jimonade the Sneak (Kobold Brigand)                 Turns: 1569, Time: 00:01:45

Health: -7/26      AC:  8    Str:  8    XL:     4   Next: 4%
Magic:  4/4        EV: 12    Int: 12    God:
Gold:   96         SH:  0    Dex: 18    Spells: 3/3 levels left

rFire   . . .      SeeInvis .    a - +2 dagger
rCold   . . .      Faith    .    (no shield)
rNeg    . . .      Spirit   .    f - +0 ring mail
rPois   .          Reflect  .    (no helmet)
rElec   .          Harm     .    c - +0 cloak
rCorr   .          Rampage  .    g - +1 pair of gloves
Will    .....                    (no boots)
Stlth   ++++......               (no amulet)
HPRegen 0.08/turn                (no ring)
MPRegen 0.09/turn                (no ring)

@: no status effects
A: small, no large weapons, nightstalker 3
a: no special abilities


You were on level 2 of the Dungeon.
You visited 1 branch of the dungeon, and saw 2 of its levels.

You collected 96 gold pieces.

Inventory:

Hand Weapons
 a - a +2 dagger (weapon)
 i - a +0 rapier
 n - a +0 spear
Missiles
 d - 9 poisoned darts (quivered)
 e - 3 curare-tipped darts
Armour
 b - a +0 robe
 c - a +0 cloak (worn)
 f - a +0 ring mail (worn)
 g - a +1 pair of gloves (worn)
 o - a +0 scale mail
Magical Staves
 m - a staff of fire
Scrolls
 h - 3 scrolls of identify {unknown}
 k - a scroll of amnesia {unknown}
Potions
 j - a potion of mutation {unknown}
 l - a potion of haste {unknown}


   Skills:
 - Level 2.1 Fighting
 + Level 5.3 Short Blades
 - Level 2.1 Throwing
 - Level 1.2 Dodging
 - Level 5.3 Stealth


You had 3 spell levels left.
You didn't know any spells.
Your spell library was empty.

Dungeon Overview and Level Annotations

Branches:
Dungeon (2/15)

Altars:

Annotations:
D:2 Sigmund


Innate Abilities, Weirdness & Mutations

You are small and have problems with some larger weapons.
You are completely attuned to the shadows.


Message History

You hit Sigmund.
Sigmund is lightly wounded.
You closely miss Sigmund.
Sigmund is lightly wounded.
Sigmund hits you with a +0 scythe.
You hit Sigmund but do no damage.
Sigmund is lightly wounded.
You hit Sigmund but do no damage.
Sigmund is lightly wounded.
You completely miss Sigmund.
Sigmund is lightly wounded.
Sigmund hits you with a +0 scythe.
You hit Sigmund.
Sigmund is moderately wounded.
You hit Sigmund. You punch Sigmund, but do no damage.
Sigmund is moderately wounded.
Sigmund casts a spell.
Sigmund flickers and vanishes!
Deactivating autopickup; reactivate with Ctrl-A.
You miss something.
You hear a zap.
A puff of flame appears from out of thin air!
The puff of flame hits you.
You hit something.
You hear some strange, mumbled words.
A puff of flame appears from out of thin air!
The puff of flame hits you.
You miss something. You hit something.
You hear a zap.
A puff of flame appears from out of thin air!
The puff of flame hits you.
You hit something but do no damage. Something hits you!
* * * LOW HITPOINT WARNING * * *
You hit something. You hit something.
You hear a zap.
A puff of flame appears from out of thin air!
The puff of flame hits you!
You die...

.###########
...........#
.##.#####..# .##.#
#..##### .##.#
#........# .##.#
#.######.# #.# #.#
#.# #{# #.### #@#
#...# #.########
###.# #........#
#.# ########.####
#.# #.........#
##.## #.####.##.#
###...#####.####.#
#
.................#
###...####.####..#


There were no monsters in sight!

Vanquished Creatures
  2 adders (D:2)
  A worm (D:2)
  2 ball pythons (D:1)
  4 endoplasms (D:1)
  3 hobgoblins
  2 quokkas (D:1)
  A bat (D:1)
  5 frilled lizards (D:1)
  2 kobolds (D:1)
  11 rats
33 creatures vanquished.

Notes
Turn   | Place    | Note
-------+----------+-------------------------------------------
     0 | D:1      | jimonade the Kobold Brigand began the quest for the Orb.
     0 | D:1      | Reached XP level 1. HP: 12/12 MP: 1/1
   165 | D:1      | Reached XP level 2. HP: 17/17 MP: 2/2
   756 | D:1      | Reached XP level 3. HP: 21/21 MP: 3/3
   828 | D:1      | Found a faded altar of an unknown god.
  1283 | D:2      | Reached skill level 5 in Short Blades
  1437 | D:2      | Reached XP level 4. HP: 22/26 MP: 4/4
  1547 | D:2      | Noticed Sigmund
  1567 | D:2      | HP: 1/26 [something (7)]
  1569 | D:2      | Killed from afar by Sigmund

Illustrated notes

Levels and vault maps discovered:
D:1:      dpeg_arrival_ratfight, layout_basic, chequers_ecumenical_altar_island,
          minmay_misc_feat_nine_boxes, chequers_arboretum
D:2:      layout_loops_ring, uniq_natasha, uniq_jessica, uniq_robin,
          uniq_sigmund

Skill      XL: |  1  2  3 |
---------------+----------+-----
Short Blades   | 3 4 5 |  5.3
Fighting       | |  2.1
Throwing       | |  2.1
Dodging        | |  1.2
Stealth        | |  5.3

Action                   |  1- 3 |  4- 6 || total
-------------------------+-------+-------++-------
Melee: Dagger            |    92 |    27 ||   119
       Punch             |     1 |     1 ||     2
 Stab: Sleeping          |    15 |       ||    15
Armor: Ring mail         |    28 |     1 ||    29
Dodge: Dodged            |    53 |     6 ||    59

Table legend: (Time is in decaauts)
 A = Elapsed time spent in this place.
 B = Non-inter-level travel time spent in this place.
 C = Inter-level travel time spent in this place.
 D = Time resting spent in this place.
 E = Time spent auto-exploring this place.
 F = Levels seen in this place.
 G = Mean time per level.
                   A        B        C        D        E       F      G
               +--------+--------+--------+--------+--------+-----+--------+
         Total |   1551 |   1436 |    115 |     66 |   1109 |   2 |  775.5 |
       Dungeon |   1551 |   1436 |    115 |     66 |   1109 |   2 |  775.5 |
               +--------+--------+--------+--------+--------+-----+--------+

Top non-repeatable levels by time:
     D:1: 1320 daAuts
     D:2: 230 daAuts
